 Dungeon Crawl Stone Soup version 0.20.0-10-g0535bb4 (webtiles) character file.

412 anfisbena the Twirler (level 6, -13/57 HPs)
             Began as a Minotaur Gladiator on June 4, 2017.
             Was an Initiate of Makhleb.
             Mangled by anfisbena's ghost (15 damage)
             ... on level 4 of the Dungeon.
             The game lasted 00:03:16 (2975 turns).

anfisbena the Twirler (Minotaur Gladiator)          Turns: 2975, Time: 00:03:17

Health: -13/57     AC:  3    Str: 18    XL:     6   Next: 59%
Magic:  5/5        EV: 13    Int:  5    God:    Makhleb [......]
Gold:   184        SH:  0    Dex: 14    Spells: 5/5 levels left

rFire    . . .     SeeInvis .   a - +0 quarterstaff
rCold    . . .     Gourm    .   (shield currently unavailable)
rNeg     . . .     Faith    .   b - +0 leather armour
rPois    .         Spirit   .   c - +0 hat
rElec    .         Reflect  .   (no cloak)
rCorr    .         Harm     .   (no gloves)
MR       .....                  (no boots)
Stlth    +.........             (no amulet)
Regen    0.2/turn               (no ring)
MPRegen  0.1/turn               (no ring)

@: no status effects
A: retaliatory headbutt, horns 2
a: Renounce Religion


You were on level 4 of the Dungeon.
You worshipped Makhleb.
Makhleb was noncommittal.
You were hungry.

You visited 1 branch of the dungeon, and saw 4 of its levels.

You collected 184 gold pieces.

Inventory:

Hand Weapons
 a - a +0 quarterstaff (weapon)
Missiles
 d - 4 throwing nets (quivered)
Armour
 b - a +0 leather armour (worn)
 c - a +0 hat (worn)
Jewellery
 k - an uncursed ring of flight {unknown}
 n - an uncursed ring of positive energy {unknown}
Wands
 v - a wand of paralysis (10/24)
Scrolls
 g - 3 scrolls of remove curse {unknown}
 m - 2 scrolls of teleportation {unknown}
 p - a scroll of blinking {unknown}
 q - a scroll of amnesia {unknown}
 u - 2 scrolls of identify {unknown}
 w - a scroll of enchant armour {unknown}
Potions
 e - 2 potions of haste {unknown}
 i - 2 potions of mutation {unknown}
 l - a potion of heal wounds {unknown}
 o - 2 potions of curing {unknown}
 r - a potion of agility {unknown}
 s - a potion of flight {unknown}
Comestibles
 f - a bread ration
 h - a meat ration
 j - a royal jelly


   Skills:
 + Level 6.2 Fighting
 + Level 6.8 Staves
 - Level 2.0 Throwing
 - Level 3.2 Dodging


You had 5 spell levels left.
You didn't know any spells.

Dungeon Overview and Level Annotations

Branches:
Dungeon (4/15)
 Temple: D:4-7

Altars:
Hepliaklqana
Makhleb
Okawaru
Qazlal
Sif Muna
The Shining One

Shops:
D:4 :

Annotations:
D:4 anfisbena's ghost, novice GrGl


Innate Abilities, Weirdness & Mutations

You reflexively headbutt those who attack you in melee.
You have a pair of horns on your head.


Message History

You hit anfisbena's ghost but do no damage.
Anfisbena's ghost misses you.
You hit anfisbena's ghost.
You headbutt anfisbena's ghost, but do no damage.
Anfisbena's ghost is lightly damaged.
Anfisbena's ghost hits you.
You barely miss anfisbena's ghost.
Anfisbena's ghost is lightly damaged.
Anfisbena's ghost hits you!
* * * LOW HITPOINT WARNING * * *
You hit anfisbena's ghost but do no damage.
Anfisbena's ghost is lightly damaged.
Anfisbena's ghost hits you!
* * * LOW HITPOINT WARNING * * *
The orc closely misses you.
You barely miss anfisbena's ghost.
Anfisbena's ghost is lightly damaged.
Anfisbena's ghost threatens to break your skull.
Anfisbena's ghost hits you!
You die...

#.# #...#.......# #.#
#...#.#.##..#
##.####.).#.#.# ..#
#...(.†.†))...##..#
#.######..........###
.... ##)...........
###..# ##♣...........
#..# ♣.∩.♣.......>.
.).# #.♣#..@o......
##.# #.......W......
.# #.####......... ..
#......... ..
.......... #$.
##..)......
###....... ....#.#


You could see anfisbena's ghost and an orc.

Vanquished Creatures
  An ogre (D:4)
  A scorpion (D:4)
  A howler monkey (D:4)
  A bullfrog skeleton (D:3)
  An orc wizard (D:4)
  Jessica (D:2)
  2 worker ants (D:4)
  4 gnolls (D:3)
  An ooze (D:3)
  An adder skeleton (D:4)
  A dart slug (D:1)
  4 leopard geckos
  2 orcs (D:4)
  6 bats
  2 giant cockroaches
  6 goblins
  8 hobgoblins
  2 jackals (D:3)
  A quokka (D:2)
  A ball python (D:4)
  5 frilled lizards
  12 kobolds
  5 rats
  2 plants (D:1)
71 creatures vanquished.

Notes
Turn   | Place    | Note
-------+----------+-------------------------------------------
     0 | D:1      | anfisbena the Minotaur Gladiator began the quest for the Orb.
     0 | D:1      | Reached XP level 1. HP: 18/18 MP: 0/0
   294 | D:1      | Reached XP level 2. HP: 22/25 MP: 1/1
   966 | D:2      | Reached XP level 3. HP: 31/31 MP: 2/2
  1434 | D:2      | Noticed Jessica
  1438 | D:2      | Killed Jessica
  1438 | D:2      | Reached skill level 5 in Staves
  1795 | D:3      | Reached XP level 4. HP: 19/40 MP: 3/3
  2040 | D:3      | Found an iron altar of Okawaru.
  2041 | D:3      | Found a burning altar of Makhleb.
  2046 | D:3      | Found a deep blue altar of Sif Muna.
  2057 | D:3      | Found a hazy altar of Hepliaklqana.
  2059 | D:3      | Found a glowing golden altar of the Shining One.
  2062 | D:3      | Became a worshipper of Makhleb the Destroyer
  2211 | D:3      | Noticed a fire elemental
  2213 | D:3      | Found a stormy altar of Qazlal.
  2215 | D:3      | Reached XP level 5. HP: 47/47 MP: 4/4
  2216 | D:3      | Noticed a water elemental
  2216 | D:3      | Noticed an air elemental
  2765 | D:4      | Found Zoicly's Book Boutique.
  2771 | D:4      | Reached skill level 5 in Fighting
  2814 | D:4      | Reached XP level 6. HP: 23/57 MP: 5/5
  2967 | D:4      | Noticed anfisbena's ghost (novice GrGl)
  2974 | D:4      | HP: 2/57 [anfisbena's ghost (16)]
  2975 | D:4      | Mangled by anfisbena's ghost

Skill      XL: |  1  2  3  4  5  6 |
---------------+-------------------+-----
Staves         | 4 5 6 |  6.8
Fighting       | 3 4 5 6 |  6.2
Throwing       | |  2.0
Dodging        | |  3.2

Action                   |  1- 3 |  4- 6 || total
-------------------------+-------+-------++-------
Melee: Quarterstaff      |   117 |    66 ||   183
       Headbutt          |    21 |    13 ||    34
 Stab: Sleeping          |       |     1 ||     1
  Eat: Chunk             |     2 |     2 ||     4
       Royal jelly       |       |     1 ||     1
Armor: Leather armour    |    19 |     6 ||    25
Dodge: Dodged            |    47 |    46 ||    93
